Map: Dusk Towers

Players

StudmuffAK - Winner!

  • Race: Zerg Zerg
  • League: Platinum

LindyHop

  • Race: Zerg Zerg
  • League: Platinum

VOD

Have the link to the VOD?

Description

Time

  • Played on: Jan. 12, 2016, 7:43 p.m.
  • Length: 15:37
Show
View Real Time Build Order
Export as new Build Order

StudmuffAK Zerg - Winner!

Build Orders: Pool First, Lurkers 

Get SALT Encoding   

  12  0:01  Drone  
  13  0:10  Drone  
  14  0:19  Overlord  
  14  0:23  Extractor  
  14  0:24  Drone  
  15  0:37  Drone x2  
  17  0:49  Extractor  
  16  0:51  Drone  
  16  0:52  Spawning Pool  
  16  0:55  Drone  
  17  1:21  Hatchery, Drone  
  17  1:30  Drone  
  18  1:34  Overlord  
  18  1:45  Queen  
  20  1:49  Drone  
  20  1:53  Drone  
  22  2:00  Zergling x2  
  23  2:10  Zergling x2  
  24  2:21  Metabolic Boost  
  24  2:24  Drone  
  24  2:25  Roach Warren  
  24  2:32  Drone  
  24  2:35  Queen  
  27  2:41  Drone  
  27  2:42  Drone  
  29  3:00  Drone x5  
  29  3:04  Drone  
  35  3:07  Drone  
  36  3:19  Overlord x2  
  36  3:23  Lair  
  36  3:31  Spine Crawler  
  35  3:38  Roach x2  
  35  3:39  Roach x2  
  43  3:44  Drone  
  43  3:45  Drone  
  46  3:56  Roach x2  
  46  3:58  Overlord  
  46  4:02  Roach  
  52  4:12  Overlord  
  52  4:20  Roach x4  
  60  4:25  Overlord, Extractor  
  60  4:29  Extractor  
  60  4:45  Roach x2  
  60  4:46  Roach  
  60  4:52  Drone x4  
  66  4:53  Drone  
  67  5:10  Drone  
  67  5:12  Drone x3  
  67  5:13  Drone x2  
  67  5:14  Roach  
  75  5:21  Overlord x2  
  75  5:24  Drone  
  76  5:37  Overlord  
  76  5:39  Hatchery, Drone x4  
  76  5:40  Drone x2  
  81  5:44  Extractor  
  81  5:45  Glial Reconstitution  
  80  5:50  Evolution Chamber  
  80  5:51  Evolution Chamber  
  80  5:56  Roach x3  
  84  5:57  Drone  
  85  6:05  Hydralisk Den  
  84  6:16  Spine Crawler  
  83  6:23  Hatchery  
  82  6:28  Zerg Missile Weapons Level 1, Zerg Ground Armor Level 1  
  82  6:30  Overlord x2  
  82  6:41  Drone  
  82  6:42  Drone x4  
  87  6:47  Muscular Augments  
  87  6:48  Hydralisk  
  87  6:51  Hatchery  
  88  6:58  Hydralisk x3  
  94  7:02  Overseer  
  94  7:26  Hydralisk x7  
  94  7:29  Overlord x2  
  108  7:31  Roach x2  
  114  7:45  Drone x7  
  114  7:48  Extractor x2  
  119  7:58  Lurker Den  
  119  8:04  Queen  
  119  8:05  Drone x5  
  125  8:25  Hatchery, Roach  
  125  8:26  Roach x4  
  133  8:30  Drone x2  
  133  8:31  Drone x3  
  138  8:34  Drone  
  138  8:35  Drone x3  
  138  8:36  Overlord  
  138  8:38  Hydralisk  
  144  8:54  Overlord  
  144  8:57  Spore Crawler  
  143  9:04  Zerg Ground Armor Level 2, Zerg Missile Weapons Level 2  
  143  9:13  Spine Crawler  
  142  9:24  Hatchery  
  142  9:26  Drone x4  
  145  9:51  Overseer  
  145  9:53  Pneumatized Carapace  
  145  9:58  Lurker x6, Hydralisk x4  
  145  9:59  Hydralisk x3  
  165  10:01  Overlord x2  
  165  10:02  Overlord x3  
  165  10:04  Spore Crawler  
  165  10:06  Spore Crawler  
  163  10:10  Spine Crawler  
  163  10:11  Spine Crawler  
  163  10:13  Drone x6, Spine Crawler  
  166  10:14  Spine Crawler  
  166  10:16  Overlord x3  
  165  10:33  Roach x2, Extractor  
  165  10:34  Hydralisk, Roach x5  
  180  10:36  Extractor  
  165  11:20  Roach  
  165  11:21  Roach x5  
  165  11:22  Roach x19  
  166  11:46  Hydralisk x5  
  166  11:47  Hydralisk x8  
  155  11:49  Lurker  
  162  11:58  Hydralisk  
  162  11:59  Hydralisk x3  
  170  12:07  Infestation Pit  
  169  12:20  Lurker x3  
  172  12:40  Overseer x3  
  172  12:48  Drone x4  
  176  12:53  Hive  
  176  12:55  Hydralisk x7  
  176  12:56  Hydralisk  
  192  12:59  Hydralisk x2  
  196  13:08  Spore Crawler x2  
  196  13:10  Spore Crawler  
  193  13:13  Spore Crawler  
  193  13:18  Spore Crawler x2  
  190  13:28  Spore Crawler  
  189  13:35  Spore Crawler  
  189  13:36  Spore Crawler  
  189  13:39  Spore Crawler  
  186  13:43  Spore Crawler  
  186  13:44  Spore Crawler  
  186  13:45  Spore Crawler  
  183  13:49  Spawning Pool  
  183  13:54  Hydralisk x3  
  183  13:55  Hydralisk x6  
  200  14:16  Hydralisk x4, Roach x6  
  200  14:17  Hydralisk  
  176  14:18  Hydralisk  
  153  14:31  Roach x5  
  155  14:32  Lurker  
  164  14:39  Drone x2  
  164  14:43  Drone  
  164  14:44  Drone x4  
  171  14:46  Drone  
  171  14:49  Drone x3  
  175  15:10  Overseer  
Show
View Real Time Build Order
Export as new Build Order

LindyHop Zerg 

Build Orders: Hatch First, Lurkers, Muta Ling Bane 

Get SALT Encoding   

  12  0:09  Drone x2  
  14  0:17  Overlord  
  14  0:24  Drone, Extractor  
  15  0:36  Drone  
  15  0:41  Drone  
  17  0:56  Hatchery, Drone  
  17  1:10  Spawning Pool  
  16  1:13  Drone  
  16  1:18  Drone, Extractor  
  17  1:26  Drone  
  18  1:35  Drone  
  19  1:50  Overlord  
  19  1:57  Queen  
  19  2:00  Zergling x2  
  22  2:08  Roach Warren  
  22  2:09  Drone  
  22  2:10  Queen  
  24  2:18  Metabolic Boost  
  24  2:25  Drone x2  
  26  2:52  Roach x2  
  26  2:53  Zergling x4  
  26  2:58  Queen  
  34  3:25  Drone  
  34  3:26  Baneling Nest, Drone  
  35  3:30  Hatchery  
  34  3:38  Overlord x2  
  34  3:52  Drone  
  35  4:06  Drone x5  
  35  4:07  Lair  
  35  4:08  Drone  
  41  4:12  Drone  
  42  4:26  Drone x2  
  42  4:27  Overlord x2  
  44  4:42  Queen  
  46  4:49  Extractor  
  46  4:51  Drone x3, Extractor  
  46  4:52  Drone x5, Extractor  
  51  5:11  Spire  
  51  5:13  Drone x6  
  55  5:27  Hydralisk Den  
  54  5:32  Drone x5  
  54  5:33  Spine Crawler  
  54  5:34  Spine Crawler  
  57  5:39  Drone x2  
  57  5:40  Drone x3  
  62  5:59  Muscular Augments  
  62  6:01  Drone x4  
  62  6:02  Overlord x2  
  66  6:12  Overlord x2  
  65  6:23  Drone x2  
  65  6:25  Evolution Chamber x2, Extractor, Zergling x12  
  69  6:26  Extractor, Zergling x2  
  69  6:35  Overseer  
  69  6:42  Zerg Flyer Weapons Level 1  
  69  6:45  Overlord x2  
  69  6:46  Drone  
  69  6:47  Drone x4  
  72  6:48  Drone x4  
  72  6:49  Drone  
  79  7:01  Zerg Missile Weapons Level 1  
  79  7:02  Zerg Ground Armor Level 1  
  80  7:08  Zergling x6  
  80  7:09  Zergling x2  
  78  7:17  Zergling x12  
  78  7:18  Zergling x8  
  86  7:32  Overlord  
  86  7:33  Hydralisk x3  
  92  7:41  Hydralisk x2  
  92  7:42  Hydralisk  
  98  8:03  Hydralisk  
  98  8:04  Hydralisk x7  
  114  8:05  Overlord  
  114  8:06  Overlord x2  
  114  8:09  Lurker Den  
  110  8:17  Centrifical Hooks  
  109  8:24  Ravager x2  
  111  8:35  Baneling x3  
  111  8:36  Baneling x7  
  111  8:37  Baneling x2  
  111  8:40  Hydralisk x5  
  111  8:41  Hydralisk x2  
  121  8:42  Roach x2  
  121  8:44  Roach  
  131  8:54  Roach  
  131  8:55  Overlord, Roach x2  
  137  8:56  Hatchery, Overlord  
  136  9:14  Roach x8  
  152  9:17  Ravager  
  153  9:32  Overlord x2  
  151  9:47  Roach  
  151  9:48  Overlord x4  
  151  9:49  Overlord x2  
  151  9:52  Mutalisk x3  
  155  9:55  Lurker x3  
  155  9:57  Lurker  
  155  9:58  Roach  
  155  9:59  Roach x2  
  169  10:13  Overlord  
  169  10:17  Zerg Missile Weapons Level 2  
  169  10:20  Infestation Pit  
  167  10:29  Roach x4  
  167  10:30  Roach x4  
  183  10:47  Overseer  
  183  10:48  Overseer x4  
  183  10:57  Drone, Extractor  
  183  10:58  Drone x3, Extractor  
  183  10:59  Drone x2  
  183  11:03  Spine Crawler  
  180  11:04  Mutalisk  
  180  11:05  Mutalisk x2, Spine Crawler  
  177  11:19  Mutalisk x2  
  163  11:26  Roach x3  
  163  11:27  Roach x4  
  163  11:30  Mutalisk  
  179  11:39  Roach  
  167  11:40  Roach  
  167  11:41  Mutalisk  
  134  11:49  Hydralisk  
  134  11:50  Hydralisk  
  127  11:54  Zergling x2  
  128  12:09  Mutalisk x3  
  128  12:10  Mutalisk  
  136  12:16  Roach x2  
  136  12:21  Hatchery  
  139  12:24  Zergling x4  
  139  12:30  Zergling x2  
  138  12:46  Hive  
  138  12:47  Roach x2  
  138  12:48  Roach x7  
  156  12:54  Zerg Ground Armor Level 2  
  156  13:03  Hydralisk x6  
  168  13:24  Corruptor x2  
  168  13:25  Corruptor x2  
  176  13:38  Hydralisk x5  
  186  13:43  Zergling x2  
  186  13:44  Zergling x4  
  186  13:47  Zergling x2  
  186  13:48  Zergling x2  
  191  14:00  Drone x5  
  191  14:02  Drone  
  195  14:15  Hydralisk x3  
  160  14:17  Extractor  
  160  14:19  Hydralisk  
  160  14:22  Hydralisk  
  160  14:23  Extractor  
  142  14:32  Drone x3  
  145  14:42  Hydralisk  
  147  14:53  Drone x5  
  152  15:03  Zergling x12  
  158  15:15  Zergling x8  
Tags
 
Add a new tag
Caveats
  • Supply blocks, unpowered buildings, or Contaminate may cause inaccurate times.
  • Supply counts are checked every 10 seconds.